 Dungeon Crawl Stone Soup version 0.19.5 (webtiles) character file.

63 devil0150 the Magician (level 3, -6/22 HPs)
             Began as a High Elf Wizard on Apr 10, 2017.
             Mangled by Sigmund
             ... wielding a +0 scythe
              (7 damage)
             ... on level 2 of the Dungeon.
             The game lasted 00:10:34 (2592 turns).

devil0150 the Magician (High Elf Wizard)            Turns: 2592, Time: 00:10:34

Health: -6/22      AC:  2    Str: 12    XL:     3   Next: 89%
Magic:  8/10       EV: 13    Int: 22    God:
Gold:   70         SH:  0    Dex: 13    Spells: 5 memorised, 2 levels left

rFire  . . .     SeeInvis .     e - +1 club
rCold  . . .     Gourm    .     a - +0 robe
rNeg   . . .     Faith    .     (no shield)
rPois  .         Spirit   .     b - +0 hat
rElec  .         Reflect  .     (no cloak)
rCorr  +         Harm     .     (no gloves)
MR     .....                    (no boots)
Stlth  ++........               h - amulet of magic regeneration
                                (no ring)
                                g - ring of resist corrosion

@: mighty
A: no striking features
a: no special abilities


You were on level 2 of the Dungeon.
You were hungry.

You visited 1 branch of the dungeon, and saw 2 of its levels.

You collected 70 gold pieces.

Inventory:

Hand Weapons
 e - a +1 club (weapon)
Armour
 a - a +0 robe (worn)
 b - a +0 hat (worn)
Jewellery
 g - a ring of resist corrosion (left hand)
 h - an amulet of magic regeneration (around neck)
Potions
 k - 2 potions of brilliance {unknown}
Books
 c - a book of Minor Magic

   Spells                             Type                      Level
   a - Magic Dart                     Conjuration                  1
   b - Blink                          Translocation                2
   c - Call Imp                       Summoning                    2
   d - Repel Missiles                 Charms/Air                   2
   e - Slow                           Hexes                        2
   f - Conjure Flame                  Conjuration/Fire             3
   g - Mephitic Cloud                 Conjuration/Poison/Air       3
Comestibles
 d - a bread ration
 f - a chunk of flesh


   Skills:
 + Level 0.4 Fighting
 + Level 0.1 Maces & Flails
 + Level 2.5 Dodging
 + Level 2.3 Stealth
 + Level 5.0 Spellcasting
 + Level 1.5 Conjurations
 + Level 0.8 Summonings
 + Level 1.1 Translocations


You had 2 spell levels left.
You knew the following spells:

 Your Spells              Type           Power        Failure   Level  Hunger
a - Magic Dart            Conj           ##..         8%          1    None
b - Call Imp              Summ           #.......     12%         2    None
c - Blink                 Tloc           N/A          12%         2    None
d - Slow                  Hex            #.......     17%         2    None
e - Conjure Flame         Conj/Fire      #.......     21%         3    ##.....


Dungeon Overview and Level Annotations

Branches:
Dungeon (2/15)

Altars:

Annotations:
D:2 Sigmund


Message History

Aiming: Magic Dart
Press: ? - help, Shift-Dir - straight line, f - Sigmund
Aim: Sigmund, wielding a scythe and wearing a robe The magic dart hits Sigmund.
Sigmund is lightly wounded.
Sigmund barely misses you.
Casting: Magic Dart
Confirm with . or Enter, or press ? or * to list all spells.
A beastly little devil appears in a puff of flame.
Sigmund closely misses you.
You swap places.
Sigmund hits you from afar with a scythe!
Ouch! That really hurt!
* * * LOW HITPOINT WARNING * * *
Your crimson imp blinks!
There is a stone staircase leading up, spattered with blood here.
It was a potion of might.
You feel very mighty all of a sudden.
Sigmund hits you from afar with a scythe!
You die...

#. ##.#################
#.............?.....
............########
.######5#...###### ...
#.#....{...## .#.#
#.#.#.###...#### ....#
#@#.#..........#
.....##ยง#.#.###...##.#
.......@#.#{# ##.## #
.....#..#...# #.# ..(.
#......# #.# .#.
#.........#.# #
#######...>.# <#.##
....#


You could see Sigmund and a friendly crimson imp.

Vanquished Creatures
  2 oozes (D:1)
  A giant cockroach (D:1)
  8 goblins (D:1)
  8 hobgoblins
  4 jackals
  10 bats
  2 frilled lizards (D:1)
  6 kobolds (D:1)
  12 rats
53 creatures vanquished.

Notes
Turn   | Place    | Note
-------+----------+-------------------------------------------
     0 | D:1      | devil0150 the High Elf Wizard began the quest for the Orb.
     0 | D:1      | Reached XP level 1. HP: 11/11 MP: 6/6
    86 | D:1      | Reached skill level 4 in Spellcasting
   141 | D:1      | Reached XP level 2. HP: 17/17 MP: 2/8
  1053 | D:1      | Reached XP level 3. HP: 9/21 MP: 0/10
  2086 | D:1      | Learned a level 2 spell: Call Imp
  2089 | D:1      | Learned a level 2 spell: Blink
  2092 | D:1      | Learned a level 2 spell: Slow
  2096 | D:1      | Learned a level 3 spell: Conjure Flame
  2400 | D:2      | Noticed Sigmund
  2534 | D:1      | Reached skill level 5 in Spellcasting
  2591 | D:2      | HP: 1/22 [Sigmund/scythe (11)]
  2592 | D:2      | Mangled by Sigmund

Skill      XL: |  1  2  3 |
---------------+----------+-----
Spellcasting   | 4 5 |  5.0
Fighting       | |  0.4
Maces & Flails | |  0.1
Dodging        | |  2.5
Stealth        | |  2.3
Conjurations   | |  1.5
Summonings     | |  0.8
Translocations | |  1.1

Action                   || total
-------------------------++-------
Melee: Club              ||    27
 Cast: Magic Dart        ||   122
       Call Imp          ||     2
       Conjure Flame     ||     1
  Use: Potion            ||     2
       Scroll            ||     5
  Eat: Chunk             ||     4
Armor: Robe              ||    38
Dodge: Dodged            ||   121
